 Dungeon Crawl Stone Soup version 0.28-a0-1613-gdaab1c2f9b (webtiles) character file.

Game seed: 1549797420435017660

4 croobank the Sneak (level 1, -3/18 HPs)
             Began as a Human Delver on Jan 22, 2022.
             Slain by an adder (4 damage)
             ... on level 5 of the Dungeon.
             The game lasted 00:00:32 (53 turns).

croobank the Sneak (Human Delver)                     Turns: 53, Time: 00:00:32

Health: -3/18      AC:  3    Str: 12    XL:     1   Next: 66%
Magic:  1/1        EV: 12    Int: 10    God:
Gold:   0          SH:  0    Dex: 14    Spells: 0/0 levels left

rFire   . . .      SeeInvis .   a - +0 hand axe
rCold   . . .      Faith    .   (no shield)
rNeg    . . .      Spirit   .   b - +0 leather armour
rPois   .          Reflect  .   (no helmet)
rElec   .          Harm     .   (no cloak)
rCorr   .          Rampage  .   (no gloves)
Will    .....                   (no boots)
Stlth   +++.......              (no amulet)
HPRegen 0.06/turn               (no ring)
MPRegen 0.07/turn               (no ring)

@: marked
A: no striking features
a: no special abilities


You were on level 5 of the Dungeon.
You visited 1 branch of the dungeon, and saw 1 of its levels.

Inventory:

Hand Weapons
 a - a +0 hand axe (weapon)
Armour
 b - a +0 leather armour (worn)
Wands
 g - a wand of digging (3)
Scrolls
 c - a scroll of fog
 d - a scroll of magic mapping
 e - a scroll of fear
Potions
 f - a potion of haste


   Skills:
 + Level 3.0 Fighting
 + Level 2.1 Axes
 + Level 2.1 Dodging
 + Level 5.0 Stealth


You couldn't memorise any spells.
You didn't know any spells.
Your spell library was empty.

Dungeon Overview and Level Annotations

Branches:
Dungeon (5/15)
 Temple: D:4-7

Altars:


Message History

The quokka closely misses you.
You closely miss the quokka.
The quokka is heavily wounded.
The quokka bites you. The quokka closely misses you.
You closely miss the quokka.
The quokka is heavily wounded.
The quokka closely misses you.
You miss the quokka.
The quokka is heavily wounded.
The quokka closely misses you. The quokka bites you.
You hit the quokka.
You kill the quokka!
Found 19 stones.
You see here a quokka corpse.
Found 15 gold pieces.
A sourceless malevolence fills the Dungeon...
With a horrendous wail, an alarm goes off!
A sentinel's mark forms upon you.
You hear an angry hiss.
Something shouts, "Run away, thou currish boil-brained efter!"
You hear an angry hiss. x2; You hear a shout! x6; You hear a bark! x3
An orc comes into view. It is wielding a +0 trident.
A scorpion comes into view.
You hear the slow hiss of a very distant avalanche of sand.
A centaur comes into view.
The centaur wields a +0 shortbow.
The centaur shoots an arrow.
The arrow barely misses you.
The centaur shoots an arrow.
The arrow closely misses you. The orc misses you.
An adder comes into view.
The centaur shoots an arrow.
The arrow barely misses you.
The orc hits you from afar with a +0 trident.
The centaur shoots an arrow.
The arrow hits you!
Ouch! That really hurt!
* * * LOW HITPOINT WARNING * * *
The scorpion stings you but does no damage.
You slash the adder!
The adder is severely wounded.
You hit the scorpion but do no damage.
The centaur shoots an arrow.
The arrow closely misses you. The adder bites you.
You die...

#.........#
#.........#
#.........#
#.........#
#..(......#
#.........#
#.#.##...o...$.###..
..c.......s.........
#.#.####.@#####.##..
#.S..# #....# #.†..#
.......#'##
#.####.#.# .# ..#.#
#.# #######.####.#
.............#


You could see a centaur, a scorpion, an adder and an orc.

Vanquished Creatures
  2 jackals (D:5)
  A quokka (D:5)
3 creatures vanquished.

Notes
Turn   | Place    | Note
-------+----------+-------------------------------------------
     0 | D:5      | croobank the Human Delver began the quest for the Orb.
     0 | D:5      | Reached XP level 1. HP: 18/18 MP: 1/1
    44 | D:5      | Noticed a scorpion
    49 | D:5      | Noticed a centaur
    53 | D:5      | Slain by an adder

Illustrated notes

Levels and vault maps discovered:
D:5:      layout_basic, minmay_temple_entry_junction, enter_ossuary_2,
          minmay_checkerbox

Action                   || total
-------------------------++-------
Melee: Hand axe          ||    15
Armor: Leather armour    ||     8
Dodge: Dodged            ||    25

Table legend: (Time is in decaauts)
 A = Elapsed time spent in this place.
 B = Non-inter-level travel time spent in this place.
 C = Inter-level travel time spent in this place.
 D = Time resting spent in this place.
 E = Time spent auto-exploring this place.
 F = Levels seen in this place.
 G = Mean time per level.
                   A        B        C        D        E       F      G
               +--------+--------+--------+--------+--------+-----+--------+
         Total |     55 |     55 |      0 |      0 |      0 |   1 |   55.0 |
       Dungeon |     55 |     55 |      0 |      0 |      0 |   1 |   55.0 |
               +--------+--------+--------+--------+--------+-----+--------+

Top non-repeatable levels by time:
     D:5: 55 daAuts
